 Dungeon Crawl Stone Soup version 0.24-a0-524-gf43b32f898 (webtiles) character file.

Game seed: 7008285824689194912

1775 Carillon the Jinx (level 8, -2/41 HPs)
             Began as a Vampire Enchanter on July 31, 2019.
             Was an Initiate of Ashenzari.
             Slain by a two-headed ogre
             ... wielding a +0 giant club
              (11 damage)
             ... on level 7 of the Dungeon.
             The game lasted 00:37:05 (5667 turns).

Carillon the Jinx (Vampire Enchanter)               Turns: 5667, Time: 00:37:06

Health: -2/41      AC:  3    Str:  9    XL:     8   Next: 80%
Magic:  0/14       EV: 12    Int: 18    God:    Ashenzari [......]
Gold:   312        SH:  5    Dex: 14    Spells: 4/15 levels left

rFire    . . .     SeeInvis +   b - +3 short sword (speed)
rCold    + + .     Gourm    .   e - +0 buckler
rNeg     + + +     Faith    .   r - +0 robe {MR+}
rPois    ∞         Spirit   .   p - +0 hat
rElec    .         Reflect  .   g - +0 cloak
rCorr    .         Harm     .   (no gloves)
MR       +....                  (no boots)
Stlth    +++++++...             (no amulet)
HPRegen  0.00/turn              o - ring of stealth
MPRegen  0.14/turn              v - ring of wizardry

@: bloodless, regenerating quickly
A: no food, fangs 3, see invisible, unbreathing
a: Bat Form, Revivify, Curse Item, Renounce Religion


You were on level 7 of the Dungeon.
You worshipped Ashenzari.
Ashenzari was noncommittal.
You were bloodless.

You visited 2 branches of the dungeon, and saw 8 of its levels.
You also visited: Sewer.

You collected 387 gold pieces.
You spent 75 gold pieces at shops.

Inventory:

Hand Weapons
 b - a +3 short sword of speed (weapon)
Missiles
 m - 5 boomerangs
 t - 43 poisoned darts (quivered)
Armour
 e - a +0 buckler (worn)
 g - a +0 cloak (worn)
 p - a +0 hat (worn)
 r - a +0 robe of magic resistance (worn)
 w - a +1 leather armour of cold resistance
Jewellery
 d - an uncursed ring of protection from magic
 o - a ring of stealth (left hand)
 v - a ring of wizardry (right hand)
 A - an uncursed ring of resist corrosion
Wands
 B - a wand of random effects (9)
Scrolls
 a - a scroll of noise {unknown}
 c - 2 scrolls of enchant armour
 i - 3 scrolls of magic mapping
 j - a scroll of brand weapon {unknown}
 k - 2 scrolls of remove curse
 l - 4 scrolls of teleportation
 q - a scroll of vulnerability {unknown}
 u - a scroll of fog
Potions
 f - 2 potions of curing
 h - 6 potions of agility
 n - a potion of invisibility
 s - a potion of brilliance {unknown}


   Skills:
 * Level 0.1 Fighting
 - Level 5.0 Short Blades
 - Level 1.2 Throwing
 + Level 2.2 Dodging
 - Level 8.0 Stealth
 - Level 4.1 Shields
 - Level 4.0 Spellcasting
 - Level 3.0 Conjurations
 - Level 8.1 Hexes
 - Level 2.2 Ice Magic


You had 4 spell levels left.
You knew the following spells:

 Your Spells              Type           Power        Failure   Level  Hunger
b - Ensorcelled Hibernat  Hex/Ice        ###...       1%          2    N/A
c - Confuse               Hex            ####....     1%          3    N/A
d - Tukima's Dance        Hex            ####....     1%          3    N/A
e - Dazzling Spray        Conj/Hex       ###...       1%          3    N/A

Your spell library contained the following spells:

 Spells                   Type           Power        Failure   Level  Hunger
 Confusing Touch          Hex            ####..       1%          1    N/A
 Corona                   Hex            ####...      1%          1    N/A
 Gell's Gravitas          Tloc           #.........   17%         3    N/A
 Petrify                  Tmut/Erth      #.......     47%         4    N/A
 Metabolic Englaciation   Hex/Ice        ###.......   19%         5    N/A
 Yara's Violent Unravell  Hex/Tmut       ###.......   30%         5    N/A

Dungeon Overview and Level Annotations

Branches:
Dungeon (7/15)             Temple (1/1) D:5

Altars:
Ashenzari
Dithmenos
Elyvilon
Fedhas
Kikubaaqudgha
Nemelex Xobeh
Okawaru
Qazlal
Sif Muna
Trog
Uskayaw
Wu Jian
Xom
Yredelemnul
Zin
The Shining One

Shops:
D:6 ?

Annotations:
D:5 2 transporters, icckedyourdad's ghost, novice TrMo


Innate Abilities, Weirdness & Mutations

You do not eat.
You do not regenerate when monsters are visible.
You are frail without blood (-20% HP).
You are immune to poison.
You have razor-sharp teeth.
You have supernaturally acute eyesight. (SInv)
You can survive without breathing.


Message History

The two-headed ogre closely misses you. x2
Casting: Confuse (safe; 1% risk of failure)
Confirm with . or Enter, or press ? or * to list all spells.
Aiming: Confuse (safe; 1% risk of failure)
Press: ? - help, Shift-Dir - straight line, f/p - two-headed ogre
Aim: a two-headed ogre, wielding a +0 giant club and a +0 giant spiked club (heavily wounded, chance to defeat MR: 43%)
The two-headed ogre appears confused.
You barely miss the two-headed ogre.
The two-headed ogre is heavily wounded.
The two-headed ogre hits you with a +0 giant club!!
Ouch! That really hurt!
* * * LOW HITPOINT WARNING * * *
The two-headed ogre hits you with a +0 giant spiked club.
* * * LOW HITPOINT WARNING * * *
You hit the two-headed ogre but do no damage.
The two-headed ogre is heavily wounded.
You hit the two-headed ogre.
The two-headed ogre is heavily wounded.
The two-headed ogre hits you with a +0 giant club!
You die...

######.##### #.# #
#...........###.#.#
#.......$.........#
#...?.......####...#
#...........# ...#
#...........# #...#
#...........# .#.#
#...........# ...#
........@..# ...#
.......O..#
..........#
..........#
###########


You could see a two-headed ogre (confused).

Vanquished Creatures
  A water moccasin (D:7)
  A sky beast (D:6)
  An orc warrior (D:6)
  2 centaurs
  2 ogres
  A crocodile (Sewer)
  A bullfrog (D:6)
  A scorpion (D:4)
  3 killer bees (D:7)
  2 howler monkeys
  A centaur zombie (D:6)
  3 crimson imps
  A jelly (D:6)
  An orc priest (D:7)
  A hound (D:6)
  A centaur skeleton (D:6)
  4 orc wizards
  3 iguanas
  3 worker ants
  2 howler monkey skeletons (D:6)
  8 adders
  2 river rats (D:6)
  An ooze (D:2)
  An adder zombie (D:7)
  2 adder skeletons (D:4)
  5 worms
  2 dart slugs
  2 leopard geckos
  19 orcs
  10 bats
  9 giant cockroaches
  5 goblins
  3 hobgoblins (D:1)
  8 jackals
  A quokka (D:6)
  A ball python (D:1)
  4 frilled lizards
  A jackal skeleton (D:6)
  10 kobolds
  A quokka skeleton (D:4)
  13 rats
143 creatures vanquished.

Notes
Turn   | Place    | Note
-------+----------+-------------------------------------------
     0 | D:1      | Carillon the Vampire Enchanter began the quest for the Orb.
     0 | D:1      | Reached XP level 1. HP: 13/13 MP: 3/3
   377 | D:1      | Reached XP level 2. HP: 19/19 MP: 5/5
   385 | D:1      | Learned a level 2 spell: Ensorcelled Hibernation
   697 | D:1      | Found an ancient bone altar of Kikubaaqudgha.
   699 | D:1      | Found a shimmering altar of Xom.
   699 | D:1      | Found an opulent altar of Gozag.
   701 | D:1      | Found a sacrificial altar of Ru.
   701 | D:1      | Found a stormy altar of Qazlal.
   701 | D:1      | Found a shattered altar of Ashenzari.
   703 | D:1      | Reached skill level 5 in Stealth
   766 | D:2      | Noticed an ogre
   781 | D:2      | Killed an ogre
   781 | D:2      | Reached XP level 3. HP: 24/24 MP: 3/6
   781 | D:2      | Reached XP level 4. HP: 30/30 MP: 3/7
   796 | D:2      | Learned a level 3 spell: Confuse
  1010 | D:2      | Reached XP level 5. HP: 17/28 MP: 3/8
  1296 | D:2      | Found a stormy altar of Qazlal.
  2628 | D:4      | Found a deep blue altar of Sif Muna.
  2667 | D:4      | Reached skill level 5 in Short Blades
  2667 | D:4      | Reached XP level 6. HP: 32/32 MP: 9/9
  2784 | D:4      | Found a basalt altar of Yredelemnul.
  3259 | D:4      | Found a glowing silver altar of Zin.
  3427 | D:5      | Entered Level 5 of the Dungeon
  3446 | D:5      | Learned a level 3 spell: Dazzling Spray
  3454 | D:5      | Reached skill level 1 in Shields
  3516 | D:5      | Found a transporter.
  3517 | D:5      | Noticed icckedyourdad's ghost (novice TrMo)
  3576 | D:5      | Found a staircase to the Ecumenical Temple.
  3585 | Temple   | Entered the Ecumenical Temple
  3628 | Temple   | Became a worshipper of Ashenzari the Shackled
  3926 | D:5      | Found a transporter.
  3991 | D:6      | Reached XP level 7. HP: 36/36 MP: 7/10
  4073 | D:6      | Found a sparkling altar of Nemelex Xobeh.
  4080 | D:6      | Reached skill level 1 in Throwing
  4080 | D:6      | Reached skill level 1 in Conjurations
  4144 | D:6      | Found a glowing drain.
  4151 | Sewer    | Entered a sewer
  4505 | D:6      | Found Dollyit's Magic Scroll Shoppe.
  4508 | D:6      | Bought a scroll of magic mapping for 35 gold pieces
  4508 | D:6      | Bought a scroll of identify for 20 gold pieces
  4508 | D:6      | Bought a scroll of identify for 20 gold pieces
  4656 | D:6      | Reached XP level 8. HP: 41/41 MP: 11/11
  4661 | D:6      | Learned a level 3 spell: Tukima's Dance
  4986 | D:6      | Found a bloodstained altar of Trog.
  5118 | D:7      | Reached skill level 5 in Hexes
  5200 | D:7      | HP: 2/41 [killer bee (7)]
  5654 | D:7      | Noticed a two-headed ogre
  5667 | D:7      | Slain by a two-headed ogre

Levels and vault maps discovered:
D:1:      minmay_arrival_glassed_features, layout_basic, doesnt_xom_only_xom
D:2:      layout_rooms, minmay_crystal_water, grunt_qazlal_clouds
D:3:      layout_loops_cross
D:4:      minmay_inner_zag, layout_basic, yredelemnul_altar_generic,
          nicolae_overflow_hidden_temple, led_sif_pool, first_ration
D:5:      layout_rooms, minmay_temple_entry_overgrown, gammafunk_ghost_smash
D:6:      layout_basic, lemuel_round_altar, portal_sewer_entry_e, serial_shops,
          nicolae_shop_behind_doors, basic_altar
D:7:      layout_basic
Temple:   eino_wide_crystal_templ

Skill      XL: |  1  2  3  4  5  6  7  8 |
---------------+-------------------------+-----
Short Blades   | 2 3 5 |  5.0
Stealth        | 5 6 8 |  8.0
Ice Magic      | 2 |  2.2
Shields        | 2 4 |  4.1
Throwing       | 1 |  1.2
Conjurations   | 2 3 |  3.0
Spellcasting   | 4 |  4.0
Hexes          | 8 |  8.1
Fighting       | |  0.1
Dodging        | |  2.2

Action                   |  1- 3 |  4- 6 |  7- 9 || total
-------------------------+-------+-------+-------++-------
Melee: Dagger            |    70 |     4 |       ||    74
       Bite              |     4 |     9 |     8 ||    21
       Short sword       |       |   130 |   116 ||   246
 Cast: Ensorcelled Hiber |     1 |    26 |    21 ||    48
       Confuse           |       |       |     6 ||     6
 Abil: Exsanguinate      |       |     1 |       ||     1
  Use: Scroll            |       |    12 |     3 ||    15
       Potion            |       |     5 |     2 ||     7
 Stab: Sleeping          |    12 |    45 |    37 ||    94
       Confused          |       |       |     1 ||     1
Armor: Robe              |    29 |    16 |     5 ||    50
Dodge: Dodged            |    43 |    41 |    28 ||   112
Block: Buckler           |       |       |     9 ||     9

Table legend:
 A = Non-vault XP
 B = Vault XP
 C = Vault XP percentage of total XP
 D = Non-vault monster count
 E = Vault monster count
 F = Vault count percentage of total count
                 A         B        C        D         E       F
            +---------+---------+-------+---------+---------+-------
      Total |    2299 |     237 |   9.3 |     124 |      19 |  13.3
            +---------+---------+-------+---------+---------+-------
        D:1 |      33 |       0 |   0.0 |      22 |       0 |   0.0
        D:2 |     203 |       0 |   0.0 |      27 |       0 |   0.0
        D:3 |      59 |       0 |   0.0 |      12 |       0 |   0.0
        D:4 |     133 |      90 |  40.4 |      13 |       5 |  27.8
        D:5 |     210 |       0 |   0.0 |       8 |       0 |   0.0
        D:6 |     813 |      38 |   4.5 |      26 |       8 |  23.5
        D:7 |     848 |       0 |   0.0 |      16 |       0 |   0.0
      Sewer |       0 |     109 | 100.0 |       0 |       6 | 100.0
            +---------+---------+-------+---------+---------+-------
